 Dungeon Crawl Stone Soup version 0.31-a0-276-ge00219d475 (webtiles) character file.

Game seed: 12337904616076725688

12817 CoinPitGoblin the Grappler (level 11, -4/104 HPs)
             Began as a Troll Fighter on July 15, 2023.
             Was a Believer of the Shining One.
             Slain by an eight-headed hydra (6 damage)
             ... on level 4 of the Lair of Beasts.
             The game lasted 00:17:53 (9254 turns).

CoinPitGoblin the Grappler (Troll Fighter)          Turns: 9254, Time: 00:17:54

Health: -4/104     AC: 11    Str: 30    XL:     11   Next: 67%
Magic:  11/11      EV:  9    Int:  4    God:    the Shining One [**....]
Gold:   1595       SH:  0    Dex:  9    Spells: 10/10 levels left

rFire   . .          .
                       - Unarmed
rCold   . . .        (no shield)
rNeg    + . .        i - +0 swamp dragon scales
rPois   +            (helmet restricted)
rElec   .            (no cloak)
rCorr   .            (gloves unavailable)
SInv    +            (boots unavailable)
Will    .....        d - amulet of the acrobat Stlth
                     g - ring of see invisible
HPRegen 1.17/turn    w - ring of poison resistance
MPRegen 0.12/turn

%: acrobat
@: glowing
A: large, unfitting armour, claws 3, regeneration 1, shaggy fur 1, tough skin 1
a: Renounce Religion, Divine Shield


You were on level 4 of the Lair of Beasts.
You worshipped the Shining One.
The Shining One was pleased with you.
You visited 3 branches of the dungeon, and saw 13 of its levels.
You also visited: Sewer.

You collected 1595 gold pieces.

Inventory:

Hand Weapons
 v - a +0 triple crossbow
Armour
 b - a +0 kite shield
 i - +0 swamp dragon scales (worn)
Jewellery
 d - an amulet of the acrobat (around neck)
 g - a ring of see invisible (left claw)
 o - a ring of flight
 r - an amulet of guardian spirit
 w - a ring of poison resistance (right claw)
 B - a ring of fire
 D - a ring of positive energy
Talismans
 j - a talisman of death
Wands
 m - a wand of acid (9)
 u - a wand of flame (27)
Scrolls
 a - 2 scrolls of blinking
 e - 2 scrolls of immolation
 f - 2 scrolls of poison
 k - 2 scrolls of fear
 p - 3 scrolls of identify
 q - a scroll of teleportation
 s - a scroll of amnesia
 x - a scroll of revelation
 y - a scroll of noise {unknown}
 A - a scroll of torment {unknown}
 E - a scroll of acquirement
Potions
 c - a potion of might
 h - 2 potions of curing
 l - 6 potions of mutation
 n - 3 potions of heal wounds {unknown}
 t - 2 potions of degeneration {unknown}
 z - a potion of enlightenment
 C - a potion of berserk rage {unknown}


   Skills:
 + Level 5.2 Fighting
 + Level 7.0 Armour
 - Level 2.4 Dodging
 - Level 2.6 Shields
 + Level 13.4 Unarmed Combat
 * Level 2.0 Invocations
 * Level 7.0 Shapeshifting


You had 10 spell levels left.
You didn't know any spells.
Your spell library contained the following spells:

 Spells                   Type           Power      Damage    Failure   Level
 Freeze                   Ice            0%         1d3       61%         1
 Static Discharge         Conj/Air       0%         2-2/arc   75%         2
 Frozen Ramparts          Ice            0%         1d1       93%         3
 Hailstorm                Conj/Ice       0%         3d3       93%         3
 Inner Flame              Hex/Fire       0%         N/A       93%         3
 Ozocubu's Armour         Ice            0%         N/A       93%         3
 Volatile Blastmotes      Fire/Tloc      0%         2d10      93%         3
 Airstrike                Air            0%         2d(0-16)  100%        4
 Flame Wave               Conj/Fire      0%         2d4       100%        4
 Fulminant Prism          Conj/Hex       0%         3d5       100%        4
 Iskenderun's Mystic Bla  Conj/Tloc      0%         2d3       100%        4
 Petrify                  Tmut/Erth      0%         N/A       100%        4
 Sticky Flame             Conj/Fire      0%         2d3       100%        4
 Summon Lightning Spire   Summ/Air       0%         N/A       100%        4
 Metabolic Englaciation   Hex/Ice        0%         N/A       100%        5
 Ozocubu's Refrigeration  Ice            0%         4d7       100%        7


Dungeon Overview and Level Annotations

Branches:
Dungeon (9/15)             Temple (1/1) D:7            Lair (2/5) D:8
  Slime (0/5) Lair:4        Sewer (visited)
  Swamp: Lair:2-3    Shoals: Lair:2-3     Snake: Lair:2-3    Spider: Lair:2-3
    Orc: D:9-12

Altars:
Ashenzari
Cheibriados
Dithmenos
Elyvilon
Fedhas
Gozag
Hepliaklqana
Kikubaaqudgha
Makhleb
Nemelex Xobeh
Okawaru
Qazlal
Ru
Sif Muna
Trog
Uskayaw
Vehumet
Wu Jian
Xom
Yredelemnul
The Shining One
Jiyva

Annotations:
D:4 3 runed translucent doors, Jaike's ghost, amateur HOFi


Innate Abilities, Weirdness & Mutations

You are too large for most types of armour.
You have claws for hands.
Your natural rate of healing is unusually fast.
You are covered in fur. (AC +1)
You have tough skin. (AC +1)


Message History

Found a shiny bronze wand.
The dream sheep bleats!
The eight-headed hydra roars!
You claw the dream sheep!
The dream sheep is moderately wounded.
The dream sheep bites you but does no damage.
As you read the scroll of teleportation, it crumbles to dust.
You feel strangely unstable. The dream sheep bites you. x2
The dream sheep are wreathed in dream dust.
You feel drowsy...
You fall asleep.
The komodo dragon bites you!!!
You wake up.
Ouch! That really hurt!
* * * LOW HITPOINT WARNING * * *
The dream sheep barely misses you.
Unknown command.
Unknown command.
Found a stone staircase leading up.
The dream sheep misses you.
The eight-headed hydra attacks as you move away!
The eight-headed hydra barely misses you.
The eight-headed hydra bites you but does no damage.
The eight-headed hydra closely misses you.
The eight-headed hydra bites you but does no damage.
The eight-headed hydra misses you. The eight-headed hydra bites you.
* * * LOW HITPOINT WARNING * * *
The eight-headed hydra bites you!
* * * LOW HITPOINT WARNING * * *
The eight-headed hydra bites you but does no damage.
Your surroundings suddenly seem different.
Unknown command.
Unknown command.
The komodo dragon hisses angrily.
The dream sheep bleats!
Found a stone staircase leading down.
The eight-headed hydra roars!
Found 14 gold pieces.
You are overwhelmed by glittering dream dust!
You feel drowsy...
You fall asleep.
The eight-headed hydra bites you!
You wake up.
* * * LOW HITPOINT WARNING * * *
The eight-headed hydra barely misses you.
The eight-headed hydra bites you.
You die...

...##..#.......P#
...P#..##......#### ##
..P.####........#.##.##.
.........##.#...........
.........#Y...........>.
#......#..Y............
##.........##YY........
...#..###..Y...D........
....Y......##Yll@......$
.....⌠./....YYY#.#<#.#..
)#... ...##....#....#
...⌠ ..⌠.#.....#....#
..[.......#.........#
..⌠.....##......## .....
######## #.. ..#


You could see an eight-headed hydra, 2 komodo dragons and 7 dream sheep.

Vanquished Creatures
  A boulder beetle (D:9)
  Amaemon (Lair:1)
  3 cyclopes (D:9)
  A black mamba (shapeshifter) (D:9)
  A black mamba (Lair:1)
  2 cane toads
  An orange demon (Lair:1)
  4 komodo dragons
  A polar bear (Lair:4)
  A spriggan (shapeshifter) (D:9)
  3 wyverns
  A wraith (D:6)
  18 yaks
  A steam dragon (D:9)
  2 acid dragons (D:9)
  Pargi (Sewer)
  6 water moccasins
  Duvessa (D:4)
  2 ice beasts
  3 black bears
  2 orc warriors
  A sky beast (D:7)
  4 centaurs
  2 ogres
  A phantom (D:7)
  A kobold brigand (D:9)
  4 bullfrogs
  2 scorpions
  13 wights
  Dowan (D:4)
  2 killer bees (Lair:1)
  4 jellies
  2 hounds
  4 orc priests
  Ijyb (D:3)
  8 orc wizards
  5 iguanas
  Robin (D:2)
  4 gnolls (D:4)
  7 adders
  A river rat (D:5)
  An ufetubus (D:7)
  2 worms (D:2)
  A dart slug (D:4)
  24 orcs
  6 endoplasms
  3 giant cockroaches
  17 goblins
  6 hobgoblins
  5 quokkas
  10 ball pythons
  4 bats
  5 frilled lizards
  11 kobolds
  7 rats
  A butterfly (Lair:1)
227 creatures vanquished.

Notes
Turn   | Place    | Note
-------+----------+-------------------------------------------
     0 | D:1      | CoinPitGoblin the Troll Fighter began the quest for the
                  | Orb.
     0 | D:1      | Reached XP level 1. HP: 22/22 MP: 0/0
   140 | D:1      | Reached XP level 2. HP: 29/29 MP: 1/1
   580 | D:2      | Reached skill level 1 in Shapeshifting
   782 | D:2      | Reached XP level 3. HP: 36/36 MP: 2/2
   836 | D:2      | Noticed Robin
   856 | D:2      | Killed Robin
  1153 | D:2      | Reached XP level 4. HP: 44/44 MP: 3/3
  1177 | D:2      | Reached skill level 3 in Unarmed Combat
  1216 | D:2      | Identified the +1 scale mail of the Monk {Int+3}
  1687 | D:3      | Noticed Ijyb
  1693 | D:3      | Killed Ijyb
  1724 | D:3      | Identified the +5 dagger of Lusoi {heavy, *Slow rElec rC+
                  | Str+7}
  1743 | D:3      | Noticed a black bear
  1754 | D:3      | Killed a black bear
  1755 | D:3      | Reached skill level 1 in Armour
  1755 | D:3      | Reached skill level 4 in Unarmed Combat
  1755 | D:3      | Reached XP level 5. HP: 44/53 MP: 4/4
  2171 | D:4      | Noticed Duvessa
  2177 | D:4      | Noticed Dowan
  2182 | D:4      | Killed Duvessa
  2183 | D:4      | Reached XP level 6. HP: 38/61 MP: 5/5
  2249 | D:4      | Killed Dowan
  2301 | D:4      | Reached skill level 5 in Unarmed Combat
  2357 | D:4      | Noticed Jaike's ghost (amateur HOFi)
  2358 | D:4      | Noticed a water moccasin
  2370 | D:4      | Found a runed translucent gate.
  2371 | D:4      | Found a runed translucent gate.
  2373 | D:4      | Found a runed translucent gate.
  2486 | D:4      | Reached XP level 7. HP: 63/67 MP: 6/6
  2762 | D:4      | Found a blossoming altar of Fedhas.
  2827 | D:5      | Entered Level 5 of the Dungeon
  3006 | D:5      | Reached skill level 6 in Unarmed Combat
  3035 | D:5      | Found a glowing drain.
  3055 | Sewer    | Entered a sewer
  3137 | Sewer    | Noticed Pargi
  3149 | Sewer    | Killed Pargi
  3300 | D:5      | Reached XP level 8. HP: 66/75 MP: 7/7
  3884 | D:6      | Reached skill level 7 in Unarmed Combat
  4453 | D:6      | Reached skill level 8 in Unarmed Combat
  4471 | D:6      | Reached XP level 9. HP: 78/83 MP: 8/8
  4940 | D:7      | Found an opulent altar of Gozag.
  4940 | D:7      | Found a burning altar of Makhleb.
  4940 | D:7      | Found a hazy altar of Hepliaklqana.
  4940 | D:7      | Found a white marble altar of Elyvilon.
  4947 | D:7      | Reached skill level 5 in Armour
  4986 | D:7      | Found a basalt altar of Yredelemnul.
  4991 | D:7      | Found an ancient bone altar of Kikubaaqudgha.
  5224 | D:7      | Reached skill level 9 in Unarmed Combat
  5280 | D:7      | Found a staircase to the Ecumenical Temple.
  5480 | D:7      | Reached skill level 5 in Shapeshifting
  5626 | D:7      | Identified a scroll of acquirement
  5626 | D:7      | Acquired 925 gold pieces
  5705 | Temple   | Entered the Ecumenical Temple
  6024 | Temple   | Became a worshipper of the Shining One
  6232 | D:8      | Reached skill level 10 in Unarmed Combat
  6232 | D:8      | Reached XP level 10. HP: 33/94 MP: 9/9
  6319 | D:8      | Found a staircase to the Lair.
  6913 | D:9      | Found an ornate altar of the Wu Jian Council.
  7069 | D:9      | Reached skill level 11 in Unarmed Combat
  7130 | D:9      | Noticed a boulder beetle
  7131 | D:9      | Noticed a cyclops
  7134 | D:9      | Noticed a cyclops
  7134 | D:9      | Reached * piety under the Shining One
  7151 | D:9      | Killed a boulder beetle
  7156 | D:9      | Killed a cyclops
  7183 | D:9      | Noticed a black mamba
  7191 | D:9      | Killed a black mamba
  7204 | D:9      | Killed a cyclops
  7207 | D:9      | Noticed a cyclops
  7213 | D:9      | Killed a cyclops
  7214 | D:9      | Reached skill level 12 in Unarmed Combat
  7214 | D:9      | Reached XP level 11. HP: 58/101 MP: 10/10
  7255 | D:9      | Identified the +9 rapier "Riresk" {holy, Dex+3}
  7676 | D:9      | Found a radiant altar of Vehumet.
  7965 | Lair:1   | Entered Level 1 of the Lair of Beasts
  7988 | Lair:1   | Reached skill level 5 in Fighting
  8413 | Lair:1   | Noticed Amaemon
  8420 | Lair:1   | Reached skill level 1 in Invocations
  8427 | Lair:1   | Killed Amaemon
  8428 | Lair:1   | Reached skill level 13 in Unarmed Combat
  9006 | Lair:2   | Reached ** piety under the Shining One
  9106 | Lair:2   | You fall into a shaft and drop 2 floors!
  9135 | Lair:4   | Found a viscous altar of Jiyva.
  9135 | Lair:4   | Found a staircase to the Slime Pits.
  9243 | Lair:4   | Noticed an eight-headed hydra
  9249 | Lair:4   | HP: 2/104 [eight-headed hydra (10)]
  9254 | Lair:4   | HP: 2/104 [eight-headed hydra (7)]
  9254 | Lair:4   | Slain by an eight-headed hydra

Illustrated notes

Levels and vault maps discovered:
D:1:      eino_arrival_druids_welcome, layout_rooms
D:2:      layout_basic, chequers_serial_rivers_small_b, roderic_lattice_a,
          uniq_robin
D:3:      layout_loops_ring, hex_medium, chequers_serial_rivers_small_3,
          uniq_ijyb
D:4:      layout_cave_pools, nicolae_overflow_hidden_temple,
          gammafunk_ghost_split, kennysheep_generic_room_14, uniq_duvessa
D:5:      layout_basic, portal_sewer_entry_b
D:6:      layout_basic
D:7:      layout_basic, minmay_overflow_temple_hex, minmay_temple_entry_grid
D:8:      layout_cave_pools, david_lair_shrubbed
D:9:      minmay_blocky_corners, layout_basic, nicolae_wu_jian_wuxing_cycle,
          vehumet_altar_wand_db, minmay_curled_crystal
Temple:   hc_temple_tempest_star
Lair:1:   layout_cave_shapes, minivault_19, lemuel_fruit_fields, uniq_amaemon
Lair:2:   layout_roguey [special_room_bee], st_stairs_9, lemuel_fruit_tree
Lair:4:   layout_regular_city, nicolae_slime_entry_field_trip,
          grunt_forest_stairs_basic, grunt_megastairs_4

Skill      XL: |  1  2  3  4  5  6  7  8  9 10 11 |
---------------+----------------------------------+-----
Shapeshifting  | 1 2 3 4 5 6 7 |  7.0
Unarmed Combat | 4 5 6 8 10 12 13 | 13.4
Fighting       | 3 4 5 |  5.2
Armour         | 1 2 3 4 5 6 7 |  7.0
Invocations    | 2 |  2.0
Dodging        | |  2.4
Shields        | |  2.6

Action                     |  1- 3 |  4- 6 |  7- 9 | 10-12 || total
---------------------------+-------+-------+-------+-------++-------
  Melee: Unarmed           |    95 |   132 |   281 |   208 ||   716
         Punch             |     2 |     3 |    17 |    19 ||    41
    Use: Scroll            |     3 |     5 |     5 |     1 ||    14
         Potion            |       |     1 |       |       ||     1
 Armour: Robe              |     9 |       |       |       ||     9
         Swamp dragon scal |    30 |    52 |   125 |    66 ||   273
  Dodge: Dodged            |    44 |    99 |   147 |   116 ||   406
         Form:             |     1 |       |       |       ||     1
         Death             |     1 |       |       |       ||     1

Table legend: (Time is in decaauts)
 A = Elapsed time spent in this place.
 B = Non-inter-level travel time spent in this place.
 C = Inter-level travel time spent in this place.
 D = Time resting spent in this place.
 E = Time spent auto-exploring this place.
 F = Levels seen in this place.
 G = Mean time per level.
                   A        B        C        D        E       F      G
               +--------+--------+--------+--------+--------+-----+--------+
         Total |   9182 |   8204 |    978 |     23 |   6703 |  14 |  655.9 |
       Dungeon |   7444 |   6611 |    833 |     23 |   5374 |   9 |  827.1 |
        Temple |    337 |    282 |     55 |      0 |    267 |   1 |  337.0 |
          Lair |   1264 |   1174 |     90 |      0 |    976 |   3 |  421.3 |
         Sewer |    135 |    135 |      0 |      0 |     86 |   1 |  135.0 |
               +--------+--------+--------+--------+--------+-----+--------+

Top non-repeatable levels by time:
  Lair:1: 1108 daAuts
     D:7: 1101 daAuts
     D:6: 1044 daAuts
     D:9: 992 daAuts
     D:2: 944 daAuts
     D:8: 805 daAuts
     D:3: 780 daAuts
     D:5: 670 daAuts
     D:4: 624 daAuts
     D:1: 480 daAuts
  Temple: 337 daAuts
  Lair:4: 144 daAuts
   Sewer: 135 daAuts
  Lair:2: 12 daAuts
